 Dungeon Crawl Stone Soup version 0.30-a0-533-g4794bfbd1c (webtiles) character file.

Game seed: 11460645172687412679

63159 Querens the Imperceptible (level 14, -7/59 HPs)
             Began as a Spriggan Enchanter on Dec 24, 2022.
             Was the Champion of Wu Jian.
             Shot with an arrow by a naga sharpshooter (15 damage)
             ... on level 1 of the Snake Pit.
             The game lasted 01:32:59 (13297 turns).

Querens the Imperceptible (Spriggan Enchanter)     Turns: 13297, Time: 01:33:00

Health: -7/59      AC:  6    Str:  7    XL:     14   Next: 67%
Magic:  27/32      EV: 27    Int: 17    God:    Wu Jian [******]
Gold:   742        SH: 13    Dex: 25    Spells: 31/39 levels left

rFire   + . .      SeeInvis +    n - +2 dagger (vamp)
rCold   + + .      Faith    .    B - +0 buckler
rNeg    + + +      Spirit   .    F - +1 robe of Negebb {rC+ MP+9 Str+3 Stlth+}
rPois   +          Reflect  +    J - +0 hat "Kudd" {*Corrode rN+++ Dex+3}
rElec   .          Harm     .    P - +2 cloak "Ucuseuq" {Rampage rF+ rC+ Dex-4}
rCorr   +          Rampage  +    (gloves unavailable)
Will    +++..                    (boots unavailable)
Stlth   +++++++++                G - amulet of reflection
HPRegen 0.29/turn                c - ring of Padwireg {rPois Will+ rCorr}
MPRegen 0.23/turn                q - ring "Maerph" {rPois MP-9 Dex+6 Slay+4}

@: very quick
A: very small, no large weapons, unfitting armour, see invisible, speed 3
a: Renounce Religion, Wall Jump, Serpent's Lash, Heavenly Storm


You were on level 1 of the Snake Pit.
You worshipped Wu Jian.
Wu Jian was exalted by your worship.
You visited 5 branches of the dungeon, and saw 20 of its levels.
You also visited: Sewer.

You collected 1714 gold pieces.
You spent 972 gold pieces at shops.

Inventory:

Hand Weapons
 h - a +4 dagger
 n - a +2 vampiric dagger (weapon)
 H - a +3 dagger of flaming
 Q - a +2 dagger of holy wrath
Missiles
 t - 2 curare-tipped darts (quivered)
Armour
 d - a +0 troll leather armour
 B - a +0 buckler (worn)
 F - the +1 robe of Negebb (worn) {rC+ MP+9 Str+3 Stlth+}
   (You found it on level 7 of the Dungeon)

   Str:       It affects your strength (+3).
   rC:        It protects you from cold.
   MP:        It affects your magic capacity (+9).
   Stlth:     It makes you more stealthy.
 J - the +0 hat "Kudd" (worn) {*Corrode rN+++ Dex+3}
   (You found it on level 1 of the Orcish Mines)

   Dex:       It affects your dexterity (+3).
   rN:        It renders you almost immune to negative energy.
   *Corrode:  It may corrode you when you take damage.
 P - the +2 cloak "Ucuseuq" (worn) {Rampage rF+ rC+ Dex-4}
   (You found it on level 3 of the Lair of Beasts)

   Dex:       It affects your dexterity (-4).
   rF:        It protects you from fire.
   rC:        It protects you from cold.
   Rampage:   It bestows one free step when moving towards enemies.
Jewellery
 c - the ring of Padwireg (left hand) {rPois Will+ rCorr}
   (You found it on level 9 of the Dungeon)

   [ring of willpower]

   rPois:     It protects you from poison.
   rCorr:     It protects you from acid and corrosion.
   Will:      It increases your willpower.
 q - the ring "Maerph" (right hand) {rPois MP-9 Dex+6 Slay+4}
   (You acquired it on level 2 of the Lair of Beasts)

   [ring of dexterity]

   Dex:       It affects your dexterity (+6).
   Slay:      It affects your accuracy & damage with ranged weapons and melee
   (+4).
   rPois:     It protects you from poison.
   MP:        It affects your magic capacity (-9).
 y - a ring of protection from fire
 z - a ring of wizardry
 G - an amulet of reflection (around neck)
 I - a ring of willpower
Wands
 b - a wand of charming (15)
 A - a wand of polymorph (6)
 D - a wand of flame (23)
Scrolls
 e - 11 scrolls of teleportation
 g - 4 scrolls of enchant armour
 k - 6 scrolls of fog
 l - 3 scrolls of blinking
 m - 6 scrolls of noise
 p - 4 scrolls of poison
 C - 5 scrolls of enchant weapon
 E - 2 scrolls of silence
 L - 4 scrolls of magic mapping
 N - 2 scrolls of amnesia
 R - a scroll of immolation
Potions
 a - 3 potions of resistance
 f - 2 potions of lignification
 i - 5 potions of might
 j - 4 potions of haste
 o - 10 potions of curing
 r - 2 potions of attraction
 s - 5 potions of brilliance
 u - 5 potions of heal wounds
 v - 2 potions of flight
 w - 2 potions of mutation {unknown}
 x - 2 potions of magic
 K - a potion of cancellation {unknown}
 O - 2 potions of invisibility


   Skills:
 + Level 15.0 Short Blades
 - Level 10.8 Dodging
 + Level 21.0 Stealth
 - Level 3.0 Shields
 - Level 13.3 Spellcasting
 - Level 13.5 Hexes


You had 31 spell levels left.
You knew the following spells:

 Your Spells              Type           Power      Damage    Failure   Level
a - Ensorcelled Hibernat  Hex/Ice        68%        N/A       1%          2
b - Confusing Touch       Hex            55%        N/A       1%          3
c - Tukima's Dance        Hex            55%        N/A       1%          3

Your spell library contained the following spells:

 Spells                   Type           Power      Damage    Failure   Level
 Dazzling Flash           Conj/Hex       68%        N/A       2%          3
 Beastly Appendage        Tmut           22%        N/A       13%         1
 Magic Dart               Conj           44%        1d5       13%         1
 Shock                    Conj/Air       44%        1d5       13%         1
 Call Imp                 Summ           11%        N/A       19%         2
 Wereblood                Tmut           11%        N/A       19%         2
 Silence                  Hex/Air        17%        N/A       22%         5
 Mephitic Cloud           Conj/Pois/Air  11%        N/A       36%         3
 Ozocubu's Armour         Ice            11%        N/A       36%         3
 Spider Form              Tmut/Pois      11%        N/A       36%         3
 Swiftness                Air            11%        N/A       36%         3
 Airstrike                Air            5%         2d(1-17)  77%         4
 Olgreb's Toxic Radiance  Pois           11%        N/A       77%         4
 Agony                    Necr           11%        N/A       98%         5
 Malign Gateway           Summ/Tloc      5%         N/A       100%        7
 Ozocubu's Refrigeration  Ice            5%         4d8       100%        7
 Ignition                 Fire           5%         3d4       100%        8
 Summon Horrible Things   Summ           5%         N/A       100%        8


Dungeon Overview and Level Annotations

Branches:
Dungeon (11/15)            Temple (1/1) D:4            Lair (5/5) D:8
 Shoals (0/4) Lair:2        Snake (1/4) Lair:2        Slime (0/5) Lair:4
    Orc (2/2) D:9             Elf (0/3) Orc:2         Sewer (visited)

Altars:
Ashenzari
Cheibriados
Dithmenos
Elyvilon
Fedhas
Gozag
Hepliaklqana
Kikubaaqudgha
Makhleb
Nemelex Xobeh
Okawaru
Qazlal
Ru
Sif Muna
Trog
Uskayaw
Vehumet
Wu Jian
Xom
Yredelemnul
Zin
The Shining One

Shops:
Orc:2 ::!!

Portals:
Abyss: Lair:2

Annotations:
D:9 1 runed translucent door
D:10 1 runed translucent door, exclusion: obsidian statue
Temple 2 transporters
Lair:2 2 transporters, Jano's ghost, journeyman DrTm
Orc:1 Qanwenef's ghost, journeyman MiFi


Innate Abilities, Weirdness & Mutations

You are very small and have problems with some larger weapons.
You are too small for most types of armour.
You have supernaturally acute eyesight. (SInv)
You cover ground extremely quickly. (Speed+++)


Message History

The black mamba hisses angrily.
You hit the black mamba.
The black mamba is lightly wounded.
The black mamba bites you!
* * * LOW HITPOINT WARNING * * *
You are lethally poisoned!
The black mamba poisons you!
Casting: Tukima's Dance (safe; 1% risk of failure)
Confirm with . or Enter, or press ? or * to list all spells.
Okay, then.
You feel better.
The black mamba completely misses you. x2
Casting: Tukima's Dance (safe; 1% risk of failure)
Confirm with . or Enter, or press ? or * to list all spells.
Aiming: Ensorcelled Hibernation (safe; 1% risk of failure)
Press: ? - help, Shift-Dir - straight line, f - black mamba
Aim: a black mamba (lightly wounded, chance to affect: 62%)
The black mamba resists with significant effort.
The black mamba hisses angrily.
The black mamba misses you. You block the black mamba's attack.
Casting: Ensorcelled Hibernation (safe; 1% risk of failure)
Confirm with . or Enter, or press ? or * to list all spells.
Aiming: Ensorcelled Hibernation (safe; 1% risk of failure)
Press: ? - help, Shift-Dir - straight line, f/p - black mamba
Aim: a black mamba (lightly wounded, chance to affect: 62%)
The black mamba resists with significant effort.
The black mamba bites you!
* * * LOW HITPOINT WARNING * * *
You are lethally poisoned!
The black mamba poisons you! You block the black mamba's attack.
You feel better. The black mamba completely misses you.
The black mamba barely misses you. The black mamba bites you!
* * * LOW HITPOINT WARNING * * *
The black mamba bites you but does no damage.
You spin and attack the black mamba.
You miss the black mamba. You block the black mamba's attack.
You spin and attack the black mamba.
You barely miss the black mamba.
The naga sharpshooter casts a spell.
The naga sharpshooter magically shoots an arrow.
The arrow hits you!
You die...

# #. #..
..#### ...#
#####
#.#####...#
#SS..##N..#
#.SS......#
##@.S.###.#
#.......# #)#
####....###N#
##...NN.N###
######N.N.#
#.N##.....
#.## ##....
#.# ... #####
######.####..
..


You could see a naga warrior, 2 naga sharpshooters, a mana viper, 4 black mambas
and a naga (strong).

Vanquished Creatures
  Rupert (Lair:5)
  Kirke (Lair:5)
  A dire elephant (Lair:5)
  2 hydras (Lair:4)
  2 centaur warriors (D:9)
  2 anacondas (Snake:1)
  An alligator (Lair:5)
  3 two-headed ogres
  3 death yaks (Lair:5)
  A boulder beetle (D:9)
  11 orc high priests
  2 lindwurms (Lair:5)
  An orc knight (Orc:2)
  2 deep elf pyromancers (D:9)
  2 ugly things (D:9)
  2 cyclopes
  An orc sorcerer (Orc:1)
  3 mana vipers (Snake:1)
  A manticore (D:9)
  10 black mambas
  A merfolk siren (Lair:2)
  19 elephants
  A torpor snail (Lair:5)
  2 kobold demonologists (D:10)
  15 cane toads
  5 rime drakes
  4 komodo dragons
  A troll (D:10)
  An efreet (D:9)
  3 merfolk (Lair:2)
  3 polar bears
  2 hornets (D:9)
  7 blink frogs
  6 dream sheep (Lair:5)
  Prince Ribbit (D:9)
  2 shadows (D:9)
  5 wyverns
  4 hogs (Lair:5)
  15 yaks
  4 steam dragons
  7 wargs
  3 vampire mosquitoes (D:10)
  4 basilisks
  Menkaure (D:4)
  A naga (Snake:1)
  12 water moccasins
  18 orc warriors
  An ice beast (D:7)
  A sky beast (D:8)
  6 black bears
  7 ogres
  6 wolves (Lair:2)
  2 phantoms
  11 centaurs
  8 kobold brigands
  A gnoll sergeant (D:8)
  A necrophage (D:7)
  14 bullfrogs
  A scorpion (D:5)
  8 wights
  40 killer bees
  7 howler monkeys
  4 hounds (D:4)
  A jelly (D:6)
  2 gnoll boudas
  37 orc priests
  5 iguanas
  2 hell rats (D:8)
  21 orc wizards
  14 gnolls
  19 adders
  A river rat (D:8)
  4 shadow imps
  An ufetubus (D:6)
  5 dart slugs
  5 worms
  79 orcs
  10 bats
  9 endoplasms
  4 giant cockroaches
  10 hobgoblins
  7 jackals
  6 quokkas
  6 ball pythons
  7 frilled lizards
  16 goblins
  34 kobolds
  11 rats
633 creatures vanquished.

Vanquished Creatures (collateral kills)
  2 centaurs (D:11)
  2 gnoll sergeants
  An orc priest (D:10)
  5 gnolls
  An orc (Orc:2)
11 creatures vanquished.

Vanquished Creatures (others)
  5 dancing weapons
  21 fungi
  37 plants
  4 withered plants (D:5)
67 creatures vanquished.

Grand Total: 711 creatures vanquished

Notes
Turn   | Place    | Note
-------+----------+-------------------------------------------
     0 | D:1      | Querens the Spriggan Enchanter began the quest for the Orb.
     0 | D:1      | Reached XP level 1. HP: 9/9 MP: 5/5
   128 | D:1      | Reached XP level 2. HP: 13/13 MP: 6/6
   399 | D:1      | Reached XP level 3. HP: 16/16 MP: 8/8
   540 | D:1      | Learned a level 2 spell: Ensorcelled Hibernation
   544 | D:1      | Learned a level 3 spell: Confusing Touch
   548 | D:1      | Learned a level 3 spell: Tukima's Dance
   598 | D:2      | Reached skill level 5 in Stealth
   705 | D:2      | Reached XP level 4. HP: 21/21 MP: 2/10
  1075 | D:2      | Reached XP level 5. HP: 19/24 MP: 11/11
  1375 | D:3      | Found a shimmering altar of Xom.
  1377 | D:3      | Found an opulent altar of Gozag.
  1559 | D:3      | You fall into a shaft and drop 3 floors!
  1563 | D:5      | Entered Level 5 of the Dungeon
  1620 | D:5      | Reached skill level 6 in Stealth
  1631 | D:5      | Noticed a yak
  1632 | D:5      | Found an ancient bone altar of Kikubaaqudgha.
  1632 | D:5      | Found a blossoming altar of Fedhas.
  1632 | D:5      | Noticed a yak
  1653 | D:5      | Noticed an ogre
  1698 | D:5      | Killed a yak
  1699 | D:5      | Reached skill level 5 in Hexes
  1699 | D:5      | Reached XP level 6. HP: 12/28 MP: 7/13
  1709 | D:5      | Reached XP level 7. HP: 16/32 MP: 8/15
  1713 | D:5      | Reached skill level 7 in Stealth
  1713 | D:5      | Reached skill level 5 in Spellcasting
  1714 | D:5      | Reached skill level 5 in Dodging
  1781 | D:5      | Noticed a yak
  1951 | D:5      | Found a glowing drain.
  1971 | Sewer    | Entered a sewer
  2070 | Sewer    | Found a glowing silver altar of Zin.
  2176 | D:5      | Reached XP level 8. HP: 25/36 MP: 10/17
  2326 | D:5      | Reached skill level 8 in Stealth
  2335 | D:5      | Reached skill level 5 in Short Blades
  2389 | D:4      | Found a staircase to the Ecumenical Temple.
  2401 | Temple   | Entered the Ecumenical Temple
  2401 | Temple   | Found a transporter.
  2401 | Temple   | Found a transporter.
  2403 | Temple   | Found a transporter.
  2403 | Temple   | Found a transporter.
  2671 | D:4      | Reached skill level 9 in Stealth
  2863 | D:4      | Noticed Menkaure
  2931 | D:4      | Killed Menkaure
  3303 | D:4      | Identified the +1 shortbow of Equivalence {speed, rElec
                  | Str+3 Dex-4}
  3574 | D:6      | Reached XP level 9. HP: 39/39 MP: 20/20
  3739 | D:6      | Found an ornate altar of the Wu Jian Council.
  3758 | D:6      | Became a worshipper of the Wu Jian Council
  4209 | D:7      | Reached skill level 1 in Shields
  4401 | D:7      | Reached skill level 10 in Stealth
  4509 | D:7      | Reached * piety under Wu Jian
  4562 | D:7      | Found a hide-covered altar of Uskayaw.
  4679 | D:7      | Identified the +1 robe of Negebb {rC+ MP+9 Str+3 Stlth+}
  4942 | D:8      | Noticed a death yak
  5011 | D:8      | Reached XP level 10. HP: 20/44 MP: 7/23
  5049 | D:8      | Found a staircase to the Lair.
  5051 | D:8      | Noticed a death yak
  5052 | D:8      | Noticed a death yak
  5284 | D:9      | Noticed Prince Ribbit
  5290 | D:9      | Killed Prince Ribbit
  5325 | D:9      | Reached ** piety under Wu Jian
  5390 | D:9      | Found a runed translucent door.
  5391 | D:9      | Noticed a deep elf pyromancer
  5404 | D:9      | Reached skill level 11 in Stealth
  5782 | D:9      | Found a runed translucent door.
  5792 | D:9      | Identified the ring of Padwireg {rPois Will+ rCorr}
  5792 | D:9      | Noticed a two-headed ogre
  5793 | D:9      | Noticed a deep elf pyromancer
  5793 | D:9      | Noticed a centaur warrior
  5794 | D:9      | Noticed a boulder beetle
  5801 | D:9      | Killed a boulder beetle
  5804 | D:9      | Killed a deep elf pyromancer
  5807 | D:9      | Found a runed translucent door.
  5807 | D:9      | Noticed a centaur warrior
  5807 | D:9      | Noticed a two-headed ogre
  5808 | D:9      | Noticed a manticore
  5808 | D:9      | Killed a centaur warrior
  5809 | D:9      | Reached skill level 12 in Stealth
  5809 | D:9      | Noticed a brown ugly thing
  5811 | D:9      | Noticed a red ugly thing
  5821 | D:9      | Killed a two-headed ogre
  5821 | D:9      | Reached *** piety under Wu Jian
  5822 | D:9      | Reached skill level 10 in Dodging
  5822 | D:9      | Reached XP level 11. HP: 13/47 MP: 21/25
  5844 | D:9      | Killed a two-headed ogre
  5854 | D:9      | Killed a centaur warrior
  5855 | D:9      | Reached skill level 10 in Hexes
  5895 | D:9      | Killed a brown ugly thing
  5907 | D:9      | Identified the +11 morningstar "Uduivut" {holy, rC- rN++
                  | Str+4}
  6072 | D:9      | Found a staircase to the Orcish Mines.
  6127 | D:9      | Killed a deep elf pyromancer
  6132 | D:9      | Reached skill level 10 in Spellcasting
  6156 | D:9      | Killed a red ugly thing
  6157 | D:9      | Reached skill level 13 in Stealth
  6313 | D:10     | Entered Level 10 of the Dungeon
  6339 | D:10     | Found a runed translucent door.
  6347 | D:10     | Found a runed translucent door.
  6361 | D:10     | Noticed an obsidian statue
  6369 | D:10     | Found a runed translucent door.
  6375 | D:10     | Found a runed translucent door.
  6419 | D:10     | Found a stormy altar of Qazlal.
  6485 | D:10     | Reached **** piety under Wu Jian
  7119 | D:11     | Reached skill level 14 in Stealth
  7149 | D:11     | Reached XP level 12. HP: 27/51 MP: 4/27
  7436 | Orc:1    | Entered Level 1 of the Orcish Mines
  7526 | Orc:1    | Noticed a two-headed ogre
  7534 | Orc:1    | Killed a two-headed ogre
  7571 | Orc:1    | Reached ***** piety under Wu Jian
  7703 | Orc:1    | Reached skill level 10 in Short Blades
  7789 | Orc:1    | Found a runed translucent gate.
  7790 | Orc:1    | Found a runed translucent gate.
  7790 | Orc:1    | Noticed an orc high priest
  7794 | Orc:1    | Found a runed translucent gate.
  7802 | Orc:1    | Noticed Qanwenef's ghost (journeyman MiFi)
  8115 | Orc:1    | Identified the +0 hat "Kudd" {*Corrode rN+++ Dex+3}
  8250 | Orc:1    | Killed an orc high priest
  8286 | Orc:2    | Entered Level 2 of the Orcish Mines
  8374 | Orc:2    | Noticed an orc high priest
  8424 | Orc:2    | Noticed an orc high priest
  8425 | Orc:2    | Killed an orc high priest
  8426 | Orc:2    | Reached skill level 15 in Stealth
  8437 | Orc:2    | Killed an orc high priest
  8761 | Orc:2    | Found a staircase to the Elven Halls.
  8847 | Orc:2    | Noticed an orc high priest
  8925 | Orc:2    | Killed an orc high priest
  8974 | Orc:2    | Noticed an orc high priest
  8985 | Orc:2    | Noticed an orc high priest
  8995 | Orc:2    | Killed an orc high priest
  9155 | Orc:2    | Killed an orc high priest
  9167 | Orc:2    | Noticed an orc high priest
  9191 | Orc:2    | Killed an orc high priest
  9211 | Orc:2    | Noticed an orc high priest
  9229 | Orc:2    | Killed an orc high priest
  9232 | Orc:2    | Noticed an orc high priest
  9232 | Orc:2    | Noticed an orc high priest
  9285 | Orc:2    | Killed an orc high priest
  9312 | Orc:2    | Noticed an orc high priest
  9319 | Orc:2    | Killed an orc high priest
  9320 | Orc:2    | Reached skill level 16 in Stealth
  9320 | Orc:2    | Reached XP level 13. HP: 55/55 MP: 30/30
  9338 | Orc:2    | Found Niref's Book Boutique.
  9338 | Orc:2    | Found Ymiph's Book Shoppe.
  9424 | Orc:2    | Found Ogguty Biymo's Distillery.
  9424 | Orc:2    | Found Louskoebb's Distillery.
  9429 | Orc:2    | Bought a potion of degeneration for 16 gold pieces
  9429 | Orc:2    | Bought a potion of might for 64 gold pieces
  9439 | Orc:2    | Bought a potion of resistance for 180 gold pieces
  9439 | Orc:2    | Bought a potion of brilliance for 72 gold pieces
  9439 | Orc:2    | Bought a potion of attraction for 54 gold pieces
  9439 | Orc:2    | Bought a potion of heal wounds for 90 gold pieces
  9439 | Orc:2    | Bought a potion of heal wounds for 90 gold pieces
  9448 | Orc:2    | Bought a potion of heal wounds for 80 gold pieces
  9448 | Orc:2    | Bought a potion of heal wounds for 80 gold pieces
  9448 | Orc:2    | Bought a potion of curing for 48 gold pieces
  9448 | Orc:2    | Bought a potion of curing for 48 gold pieces
  9448 | Orc:2    | Bought 2 potions of curing for 96 gold pieces
  9457 | Orc:2    | Bought a potion of curing for 54 gold pieces
  9593 | Lair:1   | Entered Level 1 of the Lair of Beasts
 10389 | Lair:2   | Found a staircase to the Snake Pit.
 10475 | Lair:2   | Found a staircase to the Shoals.
 10615 | Lair:2   | Identified a scroll of acquirement
 10616 | Lair:2   | Acquired the ring "Maerph" {rPois MP-9 Dex+6 Slay+4}
 10626 | Lair:2   | Found a one-way gate to the infinite horrors of the Abyss.
 10626 | Lair:2   | Noticed Jano's ghost (journeyman DrTm)
 10659 | Lair:2   | Reached skill level 17 in Stealth
 10878 | Lair:2   | Found a transporter.
 10907 | Lair:2   | Found a transporter.
 11181 | Lair:3   | Identified the +2 cloak "Ucuseuq" {Rampage rF+ rC+ Dex-4}
 11575 | Lair:4   | Found a staircase to the Slime Pits.
 12077 | Lair:5   | Entered Level 5 of the Lair of Beasts
 12089 | Lair:5   | Reached skill level 18 in Stealth
 12192 | Lair:5   | Noticed Rupert
 12252 | Lair:5   | Killed Rupert
 12316 | Lair:5   | Reached XP level 14. HP: 59/59 MP: 12/32
 12396 | Lair:5   | Reached skill level 19 in Stealth
 12589 | Lair:5   | Identified the +1 robe "Zoutaix" {rN+}
 12683 | Lair:5   | Noticed Kirke
 12742 | Lair:5   | Killed Kirke
 12743 | Lair:5   | Reached skill level 20 in Stealth
 12801 | Lair:5   | Reached ****** piety under Wu Jian
 13115 | Snake:1  | Entered Level 1 of the Snake Pit
 13245 | Snake:1  | Reached skill level 15 in Short Blades
 13271 | Snake:1  | Reached skill level 21 in Stealth
 13297 | Snake:1  | Shot with an arrow by a naga sharpshooter

Illustrated notes

Levels and vault maps discovered:
D:1:      psy_arrival_terrarium, layout_basic
D:2:      layout_loops_cross, minmay_misc_feat_x
D:3:      layout_basic, nicolae_overflow_squiral
D:4:      layout_basic, minmay_temple_entry_drinking_statues,
          kennysheep_cross_bottleneck, st_stairs_7, hangedman_minor_gate_pass,
          uniq_menkaure
D:5:      layout_cave_pools, grunt_temple_overflow_growth_and_decay,
          gup_sewer_entry_bubbles, chequers_jeans, minmay_ogre_servants
D:6:      layout_loops_ring, amcnicky_altar_gilded, minmay_misc_feat_alley
D:7:      layout_gridville, mainiacjoe_overflow_six_doors_small
D:8:      layout_basic, dpeg_lair_monsters
D:9:      minmay_the_grid_four_pointed_star_mashed
          [minmay_the_grid_triangle_9x9_fully_insulated_deathbox,
          minmay_the_grid_triangle_9x9_corrupted_corridor,
          minmay_the_grid_triangle_9x9_wacky_v,
          minmay_the_grid_triangle_9x9_sprig, minmay_the_grid_prize_trominoes],
          layout_basic, hiddenorc1_lemuel, nicolae_zen_rock_garden,
          minmay_lizard_king, uniq_prince_ribbit1
D:10:     layout_irregular_city, nicolae_qazlal_general_emergency,
          grunt_ministairs_6, nrook_mini_backslash, kb_lookout_dungeons_type,
          minmay_statue_crystal_thing
D:11:     layout_big_octagon, minmay_unpleasant_kobolds
Temple:   hellmonk_temple_divided_pantheon
Lair:1:   wad_woods_minihive, layout_regular_city
Lair:2:   layout_layer_cave, elwin_shoals_entry_stream, dummy_snake_entry,
          gammafunk_ghost_abyssal_escape, beast_lair_carwin_10
Lair:3:   layout_layer_cave, grunt_megastairs_5
Lair:4:   layout_small_grid, slime_entry_1
Lair:5:   hangedman_lair_in_review, layout_regular_city, nicolae_lair_lil_pond,
          uniq_kirke, uniq_rupert
Snake:1:  layout_misc_corridors, nicolae_snake_lava_pool
Orc:1:    layout_caves, gammafunk_ghost_split
Orc:2:    st_orc_town, layout_caves, basic_altar, hellmonk_bongcloud_opening

Skill      XL: |  1  2  3  4  5  6  7  8  9 10 11 12 13 14 |
---------------+-------------------------------------------+-----
Spellcasting   | 3 4 5 6 8 9 10 12 13 | 13.3
Hexes          | 4 5 6 7 8 9 11 12 13 | 13.5
Stealth        | 5 6 7 9 10 12 14 16 18 21 | 21.0
Short Blades   | 2 3 4 5 6 8 9 11 13 15 | 15.0
Dodging        | 3 4 5 7 8 10 | 10.8
Shields        | 2 3 |  3.0

Action                   |  1- 3 |  4- 6 |  7- 9 | 10-12 | 13-15 || total
-------------------------+-------+-------+-------+-------+-------++-------
Melee: Dagger            |   103 |   150 |   356 |   803 |   486 ||  1898
       Punch             |       |     1 |     3 |       |       ||     4
 Cast: Ensorcelled Hiber |     7 |    14 |    85 |   172 |   171 ||   449
       Confusing Touch   |       |     2 |    10 |    19 |    16 ||    47
       Tukima's Dance    |       |       |     6 |    13 |     4 ||    23
Invok: Lunge             |       |       |     7 |    72 |    29 ||   108
       Whirlwind         |       |       |     2 |   208 |    41 ||   251
       Heavenly Storm    |       |       |       |     2 |       ||     2
Evoke: Wand              |       |       |       |     1 |     1 ||     2
  Use: Potion            |       |     4 |     3 |     6 |     5 ||    18
       Scroll            |       |       |       |    13 |    12 ||    25
 Stab: Sleeping          |    12 |    16 |    75 |   115 |   142 ||   360
       Distracted        |       |     3 |     1 |     5 |     5 ||    14
       Confused          |       |     1 |     8 |    18 |    18 ||    45
       Invisible         |       |     1 |     4 |     8 |       ||    13
Armor: Robe              |    15 |     7 |    20 |    16 |    17 ||    75
       Skin              |       |     8 |    23 |       |       ||    31
Dodge: Dodged            |    96 |    98 |   217 |   427 |   308 ||  1146
Block: Buckler           |       |       |    40 |   355 |   266 ||   661
       Reflection        |       |       |       |    18 |     3 ||    21

Table legend: (Time is in decaauts)
 A = Elapsed time spent in this place.
 B = Non-inter-level travel time spent in this place.
 C = Inter-level travel time spent in this place.
 D = Time resting spent in this place.
 E = Time spent auto-exploring this place.
 F = Levels seen in this place.
 G = Mean time per level.
                   A        B        C        D        E       F      G
               +--------+--------+--------+--------+--------+-----+--------+
         Total |   8742 |   8186 |    556 |    183 |      0 |  21 |  416.3 |
       Dungeon |   4864 |   4503 |    361 |     77 |      0 |  11 |  442.2 |
        Temple |     24 |     18 |      6 |      0 |      0 |   1 |   24.0 |
          Lair |   2250 |   2098 |    152 |      6 |      0 |   5 |  450.0 |
     Snake Pit |    123 |    123 |      0 |      0 |      0 |   1 |  123.0 |
  Orcish Mines |   1354 |   1319 |     35 |    100 |      0 |   2 |  677.0 |
         Sewer |    125 |    125 |      0 |      0 |      0 |   1 |  125.0 |
               +--------+--------+--------+--------+--------+-----+--------+

Top non-repeatable levels by time:
     D:9: 819 daAuts
   Orc:2: 786 daAuts
     D:4: 632 daAuts
  Lair:5: 627 daAuts
   Orc:1: 567 daAuts
    D:10: 548 daAuts
     D:5: 496 daAuts
  Lair:2: 468 daAuts
     D:7: 453 daAuts
  Lair:1: 441 daAuts
     D:2: 436 daAuts
     D:1: 381 daAuts
     D:8: 368 daAuts
  Lair:3: 367 daAuts
  Lair:4: 344 daAuts
